 Dungeon Crawl Stone Soup version 0.19.5 (webtiles) character file.

428 Gargoyl the Skirmisher (level 6, -2/53 HPs)
             Began as a Ghoul Abyssal Knight on May 4, 2017.
             Was a Priest of Lugonu.
             Slain by a scorpion (3 damage)
             ... on level 4 of the Dungeon.
             The game lasted 00:07:43 (3275 turns).

Gargoyl the Skirmisher (Ghoul Abyssal Knight)       Turns: 3275, Time: 00:07:44

Health: -2/53      AC: 13    Str: 16    XL:     6   Next: 98%
Magic:  7/7        EV:  4    Int:  7    God:    Lugonu [***...]
Gold:   144        SH:  3    Dex: 10    Spells: 0 memorised, 5 levels left

rFire  + + .     SeeInvis .     i - +4 hand axe
rCold  . . .     Gourm    .     h - +0 plate armour
rNeg   + + +     Faith    .     u - +0 buckler
rPois  ∞         Spirit   .     (no helmet)
rElec  .         Reflect  .     (no cloak)
rCorr  .         Harm     .     d - +0 pair of gloves
MR     .....                    (no boots)
Stlth  ..........               (no amulet)
                                x - ring of protection from fire
                                v - ring of fire

@: rotting
A: rotting body, claws 1, carnivore 3, cold resistance 1, negative energy
resistance 3, slow regeneration 1, torment resistance, unbreathing
a: Depart the Abyss, Bend Space, Banish, Renounce Religion


You were on level 4 of the Dungeon.
You worshipped Lugonu.
Lugonu was most pleased with you.
You were not hungry.

You visited 1 branch of the dungeon, and saw 4 of its levels.
You visited the Abyss 1 time.

You collected 144 gold pieces.

Inventory:

Hand Weapons
 a - a +1 hand axe
 i - a +4 hand axe (weapon)
Missiles
 r - 4 tomahawks (quivered)
Armour
 d - a +0 pair of gloves (worn)
 h - a +0 plate armour (worn)
 u - a +0 buckler (worn)
Jewellery
 e - an uncursed ring of ice
 v - a ring of fire (left hand)
 x - a ring of protection from fire (right hand)
Wands
 g - a wand of acid (11/15)
Scrolls
 k - 3 scrolls of remove curse
 l - a scroll of teleportation
 t - 2 scrolls of identify
 y - a scroll of enchant armour {unknown}
Potions
 b - a potion of resistance
 f - 2 potions of haste {unknown}
 j - a potion of cancellation {unknown}
 m - 3 potions of agility {unknown}
 n - a potion of flight {unknown}
 p - a potion of berserk rage {unknown}
 q - 2 potions of heal wounds {unknown}
 s - a potion of lignification {unknown}
 w - a potion of might {unknown}
 z - a potion of brilliance {unknown}
 B - a potion of cure mutation {unknown}
Comestibles
 c - 2 meat rations
 o - a royal jelly
 A - 5 chunks of flesh


   Skills:
 + Level 4.4 Fighting
 + Level 3.8 Axes
 * Level 4.1 Armour
 + Level 1.0 Dodging
 + Level 0.3 Shields
 * Level 3.5 Invocations


You had 5 spell levels left.
You didn't know any spells.

Dungeon Overview and Level Annotations

Branches:
Dungeon (4/15)
 Temple: D:4-7

Altars:
Cheibriados
Dithmenos
Hepliaklqana
Makhleb
Sif Muna
Trog


Innate Abilities, Weirdness & Mutations

Your body is rotting away.
You thrive on raw meat.
You are immune to poison.
You have sharp fingernails.
You are carnivorous and can eat meat at any time.
Your flesh is cold resistant. (rC+)
You are immune to negative energy. (rN+++)
You regenerate slowly when monsters are visible.
You are immune to unholy pain and torment.
You can survive without breathing.


Message History

The hobgoblin barely misses you. The scorpion stings you.
* * * LOW HITPOINT WARNING * * *
The hobgoblin hits you with a scythe.
* * * LOW HITPOINT WARNING * * *
Your plate armour prevents you from hitting the hobgoblin.
The hobgoblin is heavily wounded.
You closely miss the hobgoblin. You hit the scorpion.
You closely miss the hobgoblin.
The hobgoblin hits you but does no damage.
The scorpion stings you.
* * * LOW HITPOINT WARNING * * *
The hobgoblin hits you from afar with a scythe.
* * * LOW HITPOINT WARNING * * *
The hobgoblin hits you but does no damage.
Unknown command.
Eat one of 5 chunks of flesh? (ye/n/q)
You start eating one of the 5 chunks of flesh.
The hobgoblin hits you but does no damage.
The hobgoblin completely misses you. The scorpion stings you.
You die...

..............
................
................
................
....#..........#
#....[.......#
##gggg....#
#..)@s..#
#..#)...#
#..).†..#
###....#..#
>.....#....#
...........#
.....##..<.#
............(....
....###...#.#....


You could see a scorpion and 4 hobgoblins.

Vanquished Creatures
  A jelly (D:3)
  An orc wizard (D:3)
  4 orc priests (D:3)
  Natasha (thrice) (D:3)
  5 adders
  An ooze (D:1)
  3 worms (D:2)
  2 dart slugs (D:1)
  3 leopard geckos
  11 orcs (D:3)
  7 bats
  10 giant cockroaches
  10 goblins
  15 hobgoblins
  4 jackals
  3 quokkas
  A ball python (D:3)
  9 frilled lizards
  4 kobolds
  A rat (D:1)
98 creatures vanquished.

Notes
Turn   | Place    | Note
-------+----------+-------------------------------------------
     0 | Abyss:1  | Gargoyl the Ghoul Abyssal Knight began the quest for the Orb.
     0 | Abyss:1  | Reached XP level 1. HP: 19/19 MP: 1/1
   123 | Abyss:1  | Found a viscous altar of Jiyva.
   124 | Abyss:1  | Noticed an ancient zyme
   227 | Abyss:3  | Noticed a worldbinder
   246 | D:1      | Escaped the Abyss
   319 | D:1      | Reached * piety under Lugonu
   329 | D:1      | Reached XP level 2. HP: 26/26 MP: 2/2
   416 | D:1      | You fall through a shaft!
   492 | D:2      | Reached XP level 3. HP: 32/33 MP: 3/3
   810 | D:1      | Reached XP level 4. HP: 40/40 MP: 4/4
   913 | D:1      | Reached ** piety under Lugonu
   933 | D:1      | You fall through a shaft!
  2080 | D:3      | Noticed Natasha
  2091 | D:3      | Killed Natasha
  2091 | D:3      | Reached XP level 5. HP: 39/46 MP: 6/6
  2254 | D:3      | Noticed Natasha
  2260 | D:3      | Killed Natasha
  2320 | D:3      | Found a shadowy altar of Dithmenos.
  2371 | D:3      | Reached skill level 1 in Dodging
  2521 | D:3      | Reached XP level 6. HP: 22/52 MP: 7/7
  2766 | D:3      | Found a burning altar of Makhleb.
  2766 | D:3      | Found a bloodstained altar of Trog.
  2766 | D:3      | Found a deep blue altar of Sif Muna.
  2766 | D:3      | Found a snail-covered altar of Cheibriados.
  2856 | D:3      | Noticed Natasha
  2864 | D:3      | Killed Natasha
  3028 | D:3      | Found a hazy altar of Hepliaklqana.
  3180 | D:3      | Reached *** piety under Lugonu
  3274 | D:4      | HP: 1/53 [hobgoblin/scythe (2)]
  3275 | D:4      | Slain by a scorpion

Skill      XL: |  1  2  3  4  5  6 |
---------------+-------------------+-----
Armour         | 2 3 4 |  4.1
Axes           | 2 3 |  3.8
Fighting       | 4 |  4.4
Invocations    | 3 |  3.5
Dodging        | 1 |  1.0
Shields        | |  0.3

Action                   |  1- 3 |  4- 6 || total
-------------------------+-------+-------++-------
Melee: Hand axe          |    95 |   214 ||   309
Invok: Depart the Abyss  |     1 |       ||     1
  Use: Scroll            |     3 |     1 ||     4
  Eat: Chunk             |    12 |    41 ||    53
Armor: Leather armour    |    22 |       ||    22
       Plate armour      |    54 |   187 ||   241
Dodge: Dodged            |    39 |    54 ||    93
Block: Buckler           |       |    12 ||    12
